 Dungeon Crawl Stone Soup version 0.18-a0-337-g1235303 (webtiles) character file.

176 Raultor the Changer (level 5, -1/40 HPs)
             Began as a Draconian Transmuter on Nov 28, 2015.
             Slain by a kobold (3 damage)
             ... on level 3 of the Dungeon.
             The game lasted 00:07:02 (2509 turns).

Raultor the Changer (Draconian Transmuter)          Turns: 2509, Time: 00:07:02

Health: -1/40      AC:  5    Str: 13    XL:     5   Next: 30%
Magic:  8/8        EV: 12    Int: 14    God:
Gold:   127        SH:  0    Dex: 11    Spells: 2 memorised, 5 levels left

rFire  . . .     SeeInvis .       - Unarmed
rCold  . . .     Clarity  .     (armour unavailable)
rNeg   . . .     SustAt   .     (no shield)
rPois  +         Gourm    .     (helmet restricted)
rElec  .         Spirit   .     (no cloak)
rCorr  .         Warding  .     (no gloves)
rMut   .         Stasis   .     (no boots)
MR     .....                    (no amulet)
Stlth  +.........               (no ring)
                                j - ring of poison resistance

@: appendage, not resistant to hostile enchantments, very unstealthy
A: unfitting armour, horns 2, cold-blooded, AC +5
a: End Transformation


You were on level 3 of the Dungeon.
You were hungry.
You had grown temporary horns.
You visited 1 branch of the dungeon, and saw 4 of its levels.

You collected 127 gold pieces.

Inventory:

Missiles
 a - 50 arrows
 k - 13 poisoned needles
Magical Staves
 y - an uncursed staff of summoning
Jewellery
 j - a ring of poison resistance (left hand)
Scrolls
 d - 6 scrolls of identify {unknown}
 g - 2 scrolls of enchant armour {unknown}
 h - 2 scrolls of immolation {unknown}
 i - a scroll of fear {unknown}
 l - a scroll of blinking {unknown}
 o - a scroll of remove curse
 q - a scroll of recharging {unknown}
 r - a scroll of teleportation {unknown}
Potions
 e - a potion of heal wounds {unknown}
 f - 2 potions of degeneration {unknown}
 m - a potion of brilliance {unknown}
 n - a potion of curing {unknown}
 s - 2 potions of haste {unknown}
 w - a potion of agility {unknown}
Books
 b - a book of Changes

   Spells                             Type                      Level
   a - Beastly Appendage              Transmutation                1
   b - Sticks to Snakes               Transmutation                2
   c - Spider Form                    Transmutation/Poison         3
   d - Ice Form                       Ice/Transmutation            4
   e - Blade Hands                    Transmutation                5
Comestibles
 c - a bread ration
 p - a beef jerky
 t - 3 fruits
 v - a slice of pizza
 x - a meat ration


   Skills:
 - Level 1.1 Fighting
 - Level 1.7 Dodging
 - Level 3.0 Unarmed Combat
 - Level 2.0 Spellcasting
 + Level 5.6 Transmutations


You had 5 spell levels left.
You knew the following spells:

 Your Spells              Type           Power        Failure   Level  Hunger
a - Beastly Appendage     Trmt           ###...       2%          1    ##.....
b - Sticks to Snakes      Trmt           ###.....     3%          2    ###....


Dungeon Overview and Level Annotations

Branches:
Dungeon (4/15)
 Temple: D:4-7

Altars:


Innate Abilities, Weirdness & Mutations

Your plain brown scales are hard (AC +5).
Your body does not fit into most forms of armour.
You are cold-blooded and may be slowed by cold attacks.
You have a pair of horns on your head.


Message History

The bat hits you but does no damage. The hobgoblin misses you.
The ice beast closely misses you.
You hit the ice beast.
You headbutt the ice beast, but do no damage.
The ice beast is heavily wounded.
You feel yourself speed up. The bat hits you but does no damage.
The bat hits you.
* * * LOW HITPOINT WARNING * * *
The hobgoblin hits you but does no damage.
The ice beast barely misses you.
The hobgoblin hits you but does no damage.
The ice beast closely misses you.
You hit the ice beast. Your headbutt misses the ice beast.
The ice beast is heavily wounded.
The bat closely misses you. The kobold hits you but does no damage.
The hobgoblin completely misses you. The ice beast misses you.
You hit the ice beast but do no damage.
The ice beast is heavily wounded.
The bat barely misses you. The kobold hits you.
You die...

#### .............# ...#
<$...........# ...#
.............##### ...#
.............$...#. ...#
................... ...#
.......#...........
...#........#..Yg.......
...#.###. ##?..(@b......
......##. #..#...K......
.......#.##.##..........
......##.....#..........
.#..#####............$#.
...................##.#
....###.................
.#.## ##.......####.. ##
.#.### ##......#


You could see an ice beast, a hobgoblin, a bat and a kobold.

Vanquished Creatures
  An orc priest (D:3)
  An orc wizard (D:3)
  Terence (D:3)
  An adder (D:2)
  A shadow imp (D:3)
  4 worms
  A giant gecko (D:2)
  5 orcs
  4 giant cockroaches
  9 goblins
  4 hobgoblins
  4 jackals (D:1)
  8 kobolds
  A quokka (D:2)
  9 bats
  4 giant newts
  3 rats (D:1)
61 creatures vanquished.

Notes
Turn   | Place    | Note
--------------------------------------------------------------
     0 | D:1      | Raultor the Draconian Transmuter began the quest for the Orb.
     0 | D:1      | Reached XP level 1. HP: 16/16 MP: 3/3
   272 | D:1      | Reached XP level 2. HP: 15/23 MP: 5/5
  1078 | D:2      | Reached XP level 3. HP: 20/28 MP: 6/6
  1262 | D:2      | Found a faded altar to an unknown god.
  1296 | D:2      | Reached skill level 4 in Transmutations
  1308 | D:2      | Learned a level 2 spell: Sticks to Snakes
  1686 | D:3      | Reached XP level 4. HP: 27/35 MP: 7/7
  2005 | D:3      | Reached skill level 5 in Transmutations
  2170 | D:3      | Noticed Terence
  2222 | D:4      | Reached XP level 5. HP: 13/40 MP: 5/8
  2457 | D:3      | Killed Terence
  2495 | D:3      | Noticed an ice beast
  2507 | D:3      | HP: 2/40 [bat (1)]
  2509 | D:3      | Slain by a kobold

Vault maps used:
D:1:      sevenhm_arrival_forest_fort_large_3, minmay_cupped
D:2:      ecumenical_altar_1
D:3:      nicolae_overflow_crystal_walls, uniq_terence
D:4:      minmay_temple_entry_grid, first_bread

Action                   |  1- 3 |  4- 6 || total
-------------------------+-------+-------++-------
Melee: Unarmed           |   219 |    59 ||   278
 Cast: Beastly Appendage |     6 |     7 ||    13
       Sticks to Snakes  |       |     2 ||     2
  Use: Scroll            |     1 |       ||     1
       Potion            |       |     1 ||     1
 Stab: Sleeping          |     4 |       ||     4
  Eat: Chunk             |     3 |     2 ||     5
